 Dungeon Crawl Stone Soup version 0.23.2-33-g5129a83 (webtiles) character file.

Game seed: 50275392979460979

74 Fang the Skirmisher (level 4, -1/29 HPs)
             Began as a Gargoyle Berserker on July 9, 2019.
             Was a Believer of Trog.
             Shot with an arrow by a centaur (7 damage)
             ... on level 4 of the Dungeon.
             The game lasted 00:01:54 (2204 turns).

Fang the Skirmisher (Gargoyle Berserker)            Turns: 2204, Time: 00:01:54

Health: -1/29      AC: 12    Str: 22    XL:     4   Next: 30%
Magic:  4/4        EV:  8    Int:  7    God:    Trog [**....]
Gold:   174        SH:  0    Dex:  9    Spells: 3/3 levels left

rFire    + . .     SeeInvis .   a - +0 hand axe
rCold    + . .     Gourm    .   (no shield)
rNeg     + . .     Faith    .   b - +0 chain mail
rPois    ∞         Spirit   .   (no helmet)
rElec    +         Reflect  .   h - scarf {rC+ rF+}
rCorr    .         Harm     .   (no gloves)
MR       ++...                  (no boots)
Stlth    ..........             (no amulet)
HPRegen  1.09/turn              (no ring)
MPRegen  0.09/turn              (no ring)

@: berserk cooldown, regenerating, slowed, very slow
A: negative energy resistance 1, electricity resistance, unbreathing,
petrification resistance, rot immunity, AC +3
a: Berserk, Trog's Hand, Renounce Religion


You were on level 4 of the Dungeon.
You worshipped Trog.
Trog was pleased with you.
You were very hungry.

You visited 1 branch of the dungeon, and saw 4 of its levels.

You collected 174 gold pieces.

Inventory:

Hand Weapons
 a - a +0 hand axe (weapon)
Armour
 b - a +0 chain mail (worn)
 h - a scarf of resistance (worn)
Wands
 r - a wand of iceblast (10)
Scrolls
 d - a scroll of immolation {unknown}
 e - 4 scrolls of enchant weapon {unknown}
 g - 2 scrolls of blinking {unknown}
 i - 6 scrolls of teleportation {unknown}
 k - 5 scrolls of identify {unknown}
 p - a scroll of random uselessness {unknown}
 s - a scroll of remove curse {unknown}
 u - a scroll of fog {unknown}
Potions
 f - a potion of invisibility {unknown}
 j - a potion of lignification {unknown}
 l - a potion of berserk rage {unknown}
 m - 4 potions of mutation {unknown}
 n - a potion of agility {unknown}
 o - a potion of haste {unknown}
 q - a potion of brilliance {unknown}
 t - a potion of flight {unknown}
Comestibles
 c - 6 rations
 v - 6 chunks of flesh


   Skills:
 + Level 3.9 Fighting
 + Level 3.3 Axes
 + Level 3.0 Armour
 + Level 2.2 Dodging


You had 3 spell levels left.
You didn't know any spells.
Your spell library was empty.

Dungeon Overview and Level Annotations

Branches:
Dungeon (4/15)
 Temple: D:4-7

Altars:
Gozag


Innate Abilities, Weirdness & Mutations

You are resistant to torment.
Your stone body is resilient. (AC +3)
You are immune to poison.
You resist negative energy. (rN+)
You are resistant to electric shocks. (rElec)
You can survive without breathing.
You are immune to petrification.
You are immune to rotting.


Message History

* * * LOW HITPOINT WARNING * * *
A red film seems to cover your vision as you go berserk!
You feel yourself moving faster!
You feel mighty!
You are feeling very hungry.
The centaur shoots an arrow.
The arrow hits you but does no damage.
You feel a strong urge to attack something.
The centaur shoots an arrow.
The arrow hits you.
* * * LOW HITPOINT WARNING * * *
Found a falchion.
The centaur shoots an arrow.
The arrow hits you.
* * * LOW HITPOINT WARNING * * *
You see here an arrow.
You feel your anger nearly subside.
You are no longer berserk.
You are exhausted.
You feel yourself slow down.
The centaur shoots an arrow.
The arrow hits you but does no damage.
Found a metallic puce potion.
You see here an arrow.
The centaur shoots an arrow.
The arrow hits you!
You die...

.....! ..... .......
#.).### #
#....###.....##
.###.#....#........#
....#..............$#
......#.............#
......####..?.......#
.......##..((.((@.c.#
...................##
..................##
.........#..........#
.........#.....###..#
.......#.#......# #.).
.......###.....###.....
.........#......#.....!
..................#...


You could see a centaur.

Vanquished Creatures
  An adder (D:4)
  An ooze (D:3)
  A leopard gecko (D:2)
  2 orcs (D:3)
  10 bats
  A giant cockroach (D:2)
  9 hobgoblins
  3 jackals (D:4)
  A quokka (D:2)
  8 frilled lizards
  7 goblins
  5 kobolds (D:1)
  8 rats
57 creatures vanquished.

Notes
Turn   | Place    | Note
-------+----------+-------------------------------------------
     0 | D:1      | Fang the Gargoyle Berserker began the quest for the Orb.
     0 | D:1      | Reached XP level 1. HP: 14/14 MP: 1/1
   375 | D:1      | Reached XP level 2. HP: 13/19 MP: 2/2
   848 | D:1      | Reached ** piety under Trog
  1005 | D:2      | Reached XP level 3. HP: 22/23 MP: 3/3
  1098 | D:2      | Found a faded altar of an unknown god.
  1279 | D:2      | Found an opulent altar of Gozag.
  1855 | D:3      | Reached XP level 4. HP: 29/29 MP: 4/4
  2197 | D:4      | Noticed a centaur
  2204 | D:4      | Shot with an arrow by a centaur

Skill      XL: |  1  2  3 |
---------------+----------+-----
Axes           | 3 |  3.3
Dodging        | 2 |  2.2
Armour         | 3 |  3.0
Fighting       | |  3.9

Action                   |  1- 3 |  4- 6 || total
-------------------------+-------+-------++-------
Melee: Hand axe          |   171 |    31 ||   202
Invok: Berserk           |       |     1 ||     1
       Trog's Hand       |       |     1 ||     1
  Eat: Chunk             |     3 |     1 ||     4
Armor: Animal skin       |    74 |       ||    74
       Chain mail        |     3 |    29 ||    32
Dodge: Dodged            |   140 |    22 ||   162
